 Dungeon Crawl Stone Soup version 0.28.0-53-g5a82cb258f (webtiles) character file.

Game seed: 1894815029303520698

10456 Peloso the Carver (level 11, -1/97 HPs)
             Began as a Minotaur Fighter on July 6, 2022.
             Was a Believer of Okawaru.
             Slain by an entropy weaver simulacrum (24 damage)
             ... in an ice cave.
             The game lasted 00:30:02 (11632 turns).

Peloso the Carver (Minotaur Fighter)               Turns: 11632, Time: 00:30:03

Health: -1/97      AC: 26    Str: 30    XL:     11   Next: 36%
Magic:  8/10       EV: 10    Int:  5    God:    Okawaru [**....]
Gold:   472        SH: 15    Dex: 11    Spells: 10/10 levels left

rFire   . . .      SeeInvis .   a - +0 long sword
rCold   . . .      Faith    .   e - +2 kite shield {AC+3}
rNeg    + . .      Spirit   .   t - +0 plate armour
rPois   +          Reflect  .   (helmet restricted)
rElec   .          Harm     .   v - +2 cloak {rPois}
rCorr   .          Rampage  +   (no gloves)
Will    .....                   K - +2 pair of boots {rampage}
Stlth   ..........              (no amulet)
HPRegen 0.26/turn               A - ring of positive energy
MPRegen 0.12/turn               I - +6 ring of strength

@: mighty, heroic, hasted, very quick
A: horns 2, retaliatory headbutt
a: Renounce Religion, Heroism


You were in an ice cave.
You worshipped Okawaru.
Okawaru was pleased with you.
You visited 3 branches of the dungeon, and saw 11 of its levels.
You also visited: Ossuary and Ice Cave.

You collected 472 gold pieces.

Inventory:

Hand Weapons
 a - a +0 long sword (weapon)
 b - a +0 spear of flaming
Missiles
 l - 2 throwing nets (quivered)
Armour
 c - a +0 buckler
 e - a +2 kite shield of protection (worn)
 t - a +0 plate armour (worn)
 v - a +2 cloak of poison resistance (worn)
 K - a +2 pair of boots of rampaging (worn)
Jewellery
 f - an amulet of magic regeneration
 y - a ring of willpower
 A - a ring of positive energy (left hand)
 B - a +4 ring of protection
 G - an amulet of guardian spirit
 I - a +6 ring of strength (right hand)
 J - a +6 ring of intelligence
Wands
 w - a wand of charming (9)
 C - a wand of flame (16)
 E - a wand of paralysis (8)
 H - a wand of mindburst (6)
Scrolls
 g - 2 scrolls of enchant armour
 i - 5 scrolls of teleportation
 j - 2 scrolls of fog
 k - 3 scrolls of immolation
 r - 2 scrolls of amnesia
 s - a scroll of magic mapping
 F - 2 scrolls of fear
Potions
 d - 3 potions of might
 h - 4 potions of flight
 m - a potion of berserk rage
 n - 5 potions of brilliance
 o - 2 potions of curing
 q - 3 potions of ambrosia
 x - 2 potions of haste


   Skills:
 + Level 9.2(14.2) Fighting
 + Level 13.7(18.7) Long Blades
 + Level 9.5(14.5) Armour
 + Level 3.3(8.3) Dodging
 + Level 3.2(8.2) Stealth
 + Level 10.3(15.3) Shields
 + Level 0.2 Invocations
 + Level 1.1 Evocations


You had 10 spell levels left.
You didn't know any spells.
Your spell library contained the following spells:

 Spells                   Type           Power      Damage    Failure   Level
 Pain                     Necr           0%         1d4       99%         1
 Vampiric Draining        Necr           0%         2d6       100%        3
 Agony                    Necr           0%         N/A       100%        5
 Alistair's Intoxication  Tmut/Pois      0%         N/A       100%        5
 Borgnjor's Vile Clutch   Necr/Erth      0%         N/A       100%        5
 Excruciating Wounds      Necr           0%         N/A       100%        5
 Eringya's Noxious Bog    Tmut/Pois      0%         N/A       100%        6
 Animate Skeleton         Necr           Unusable   N/A       N/A         1

Dungeon Overview and Level Annotations

Branches:
Dungeon (9/15)             Temple (1/1) D:6            Lair (1/6) D:9
Ossuary (visited)           IceCv (1/1)
    Orc: D:9-12

Altars:
Ashenzari
Cheibriados
Dithmenos
Elyvilon
Fedhas
Gozag
Hepliaklqana
Kikubaaqudgha
Okawaru
Ru
Sif Muna
Uskayaw
Vehumet
Wu Jian
Xom
Yredelemnul
The Shining One

Shops:
D:1 *   D:7 *

Annotations:
D:9 exclusion: ice statue


Innate Abilities, Weirdness & Mutations

You have a pair of horns on your head.
You reflexively headbutt those who attack you in melee.


Message History

* * * LOW HITPOINT WARNING * * *
You feel much better.
You gain the combat prowess of a mighty hero.
An entropy weaver simulacrum comes into view.
You block the reaper's attack.
You slash the reaper!
You headbutt the reaper, but do no damage.
The reaper is severely wounded.
The reaper hits you with a +0 scythe of freezing!!
* * * LOW HITPOINT WARNING * * *
The reaper freezes you.
* * * LOW HITPOINT WARNING * * *
You barely miss the reaper. You headbutt the reaper!
The reaper is severely wounded.
Unknown command.
You hit the reaper. Your headbutt misses the reaper.
The reaper is severely wounded.
The reaper hits you with a +0 scythe of freezing!!
* * * LOW HITPOINT WARNING * * *
The reaper freezes you.
* * * LOW HITPOINT WARNING * * *
Unknown command.
You feel much better.
An ice devil comes into view.
You feel much better. The reaper hits you but does no damage.
You barely miss the reaper.
The reaper is severely wounded.
You barely miss the reaper.
The reaper is severely wounded.
The reaper hits you with a +0 scythe of freezing!
The reaper freezes you.
* * * LOW HITPOINT WARNING * * *
You slash the reaper!
You headbutt the reaper, but do no damage.
The reaper is almost dead.
You block the entropy weaver simulacrum's attack.
The entropy weaver simulacrum hits you.
* * * LOW HITPOINT WARNING * * *
The entropy weaver simulacrum freezes you!!
You die...

*,*,**,*.#..##..#≈#.......#
,,#,,,,,.....#..###...##..##
,,..,,,,........# #..###...#
,,#.2####4..#...# ##.#.##..#
*,#.........#.4.# ##....#..#
*,*#...Z2...#...###....##..#
,,,*#..#4Z###....##....#..##
,,,*#§.#.##....Z2##)..##..#
,,,*#.○#§#.....#@.##[.#..##
*****##.....#.###..####..#
#....#...# #...###.##
#...§...## ##..#..##
##.Z....# ##....# #.....##
##..## ##...## #### ##.##
###


You could see a reaper, an ice devil and an entropy weaver simulacrum.

Vanquished Creatures
  A boulder beetle (D:6)
  Pikel (D:9)
  2 ice statues (IceCv)
  Joseph (D:9)
  A black mamba (Lair:1)
  A cane toad (Lair:1)
  A freezing wraith (IceCv)
  4 ice devils (IceCv)
  Psyche (D:8)
  Prince Ribbit (D:8)
  A hornet (D:9)
  A wraith (D:7)
  4 yaks (D:8)
  A basilisk (Lair:1)
  A steam dragon (D:9)
  An acid dragon (D:7)
  3 water moccasins
  A hornet zombie (D:9)
  2 sky beasts
  2 orc warriors (D:8)
  2 necrophages
  4 ogres
  A phantom (D:5)
  4 centaurs
  A lemure (D:9)
  3 kobold brigands
  2 bullfrogs
  2 wyvern zombies
  A gnoll sergeant (D:7)
  2 cane toad simulacra (IceCv)
  4 scorpions (D:5)
  3 two-headed ogre simulacra (IceCv)
  2 wyvern skeletons
  2 water moccasin zombies (Ossuary)
  3 killer bees (D:9)
  2 elephant simulacra (IceCv)
  3 wights (D:9)
  2 howler monkeys (D:8)
  5 orc priests
  3 hounds
  Crazy Yiuf (D:5)
  3 jellies
  A centaur skeleton (D:4)
  5 centaur zombies
  3 iguanas
  Natasha (thrice) (D:2)
  7 orc wizards
  3 spriggan simulacra (IceCv)
  A polar bear simulacrum (IceCv)
  A killer bee zombie (D:5)
  A wolf simulacrum (IceCv)
  3 mummies
  5 howler monkey zombies (D:9)
  8 gnolls
  A howler monkey skeleton (D:7)
  8 adders
  A naga simulacrum (IceCv)
  2 shadow imps
  15 white imps
  2 ufetubi
  8 adder zombies
  5 dart slugs
  30 orcs
  9 ball pythons
  7 bats
  7 endoplasms
  8 giant cockroaches
  6 goblins
  4 hobgoblins
  7 jackals (D:2)
  3 quokkas
  3 frilled lizards
  3 gnoll zombies (Ossuary)
  3 hobgoblin zombies
  10 kobolds
  3 kobold zombies
  3 orc zombies (Ossuary)
  5 rats
280 creatures vanquished.

Notes
Turn   | Place    | Note
-------+----------+-------------------------------------------
     0 | D:1      | Peloso the Minotaur Fighter began the quest for the Orb.
     0 | D:1      | Reached XP level 1. HP: 19/19 MP: 0/0
    60 | D:1      | Reached XP level 2. HP: 26/27 MP: 1/1
   476 | D:1      | Found Baegov's General Store.
   487 | D:1      | Reached skill level 3 in Long Blades
   487 | D:1      | Reached XP level 3. HP: 31/33 MP: 2/2
   541 | D:1      | Found a faded altar of an unknown god.
  1006 | D:2      | Noticed Natasha
  1010 | D:2      | Reached XP level 4. HP: 36/41 MP: 3/3
  1013 | D:2      | Killed Natasha
  1014 | D:2      | Reached skill level 5 in Fighting
  1056 | D:2      | Noticed Natasha
  1062 | D:2      | Killed Natasha
  1063 | D:2      | Reached skill level 4 in Long Blades
  1094 | D:2      | Found an ancient bone altar of Kikubaaqudgha.
  1097 | D:2      | Noticed Natasha
  1103 | D:2      | Killed Natasha
  1104 | D:2      | Reached XP level 5. HP: 48/48 MP: 4/4
  1677 | D:3      | Found a hide-covered altar of Uskayaw.
  1692 | D:3      | Found a snail-covered altar of Cheibriados.
  1750 | D:3      | You fall into a shaft and drop 1 floor!
  1750 | D:4      | Noticed a necrophage
  1960 | D:4      | Reached skill level 5 in Long Blades
  1973 | D:4      | Killed a necrophage
  1974 | D:4      | Reached skill level 1 in Dodging
  1974 | D:4      | Reached XP level 6. HP: 41/56 MP: 5/5
  1979 | D:4      | Reached skill level 5 in Shields
  2659 | D:3      | Found an opulent altar of Gozag.
  3168 | D:4      | Reached skill level 5 in Armour
  3210 | D:4      | Reached skill level 6 in Long Blades
  3210 | D:4      | Reached XP level 7. HP: 57/61 MP: 6/6
  3486 | D:5      | Entered Level 5 of the Dungeon
  3606 | D:5      | Found a sand-covered staircase.
  3612 | Ossuary  | Entered an ossuary
  3878 | D:5      | Reached skill level 7 in Long Blades
  3991 | D:5      | Reached XP level 8. HP: 68/70 MP: 7/7
  4015 | D:5      | Reached skill level 8 in Long Blades
  4676 | D:5      | Reached skill level 9 in Long Blades
  4731 | D:5      | Found a runed translucent door.
  4732 | D:5      | Noticed Crazy Yiuf
  4828 | D:5      | Killed Crazy Yiuf
  5144 | D:6      | Noticed a boulder beetle
  5166 | D:7      | Reached XP level 9. HP: 78/78 MP: 8/8
  5415 | D:7      | Found Guefrid's Gadget Gallery.
  5425 | D:7      | Reached skill level 10 in Long Blades
  6573 | D:8      | Reached skill level 11 in Long Blades
  6863 | D:8      | Noticed Psyche
  6874 | D:8      | Killed Psyche
  6983 | D:8      | Reached XP level 10. HP: 88/88 MP: 9/9
  7273 | D:8      | Noticed Prince Ribbit
  7293 | D:8      | Killed Prince Ribbit
  7563 | D:9      | Noticed Joseph
  7578 | D:9      | Killed Joseph
  7579 | D:9      | Reached skill level 12 in Long Blades
  8132 | D:9      | Found an ornate altar of the Wu Jian Council.
  8274 | D:9      | Found a staircase to the Lair.
  8311 | D:9      | Noticed Pikel
  8326 | D:9      | Killed Pikel
  8407 | D:9      | Found a basalt altar of Yredelemnul.
  8592 | D:9      | Noticed an ice statue
  8718 | D:6      | Reached skill level 1 in Stealth
  8748 | D:6      | Found a staircase to the Ecumenical Temple.
  8762 | Temple   | Entered the Ecumenical Temple
  8807 | Temple   | Became a worshipper of Warmaster Okawaru
  9152 | D:6      | Reached skill level 13 in Long Blades
  9255 | D:6      | Killed a boulder beetle
  9255 | D:6      | Reached * piety under Okawaru
  9256 | D:6      | Reached skill level 1 in Evocations
  9702 | Lair:1   | Entered Level 1 of the Lair of Beasts
  9788 | Lair:1   | Noticed a cane toad
  9794 | Lair:1   | Killed a cane toad
  9866 | Lair:1   | Reached XP level 11. HP: 95/95 MP: 10/10
  9878 | Lair:1   | Found a frozen archway.
  9886 | Lair:1   | Reached ** piety under Okawaru
 10016 | IceCv    | Entered an ice cave
 10697 | IceCv    | Reached skill level 10 in Shields
 11047 | IceCv    | Noticed a reaper
 11627 | IceCv    | HP: 2/97 [reaper/+0 scythe of freezing (6)]
 11632 | IceCv    | Slain by an entropy weaver simulacrum

Illustrated notes

Levels and vault maps discovered:
D:1:      amcnicky_arrival_choice, layout_basic,
          shapermc_ecumenical_altar_flowoftime, serial_shops, shop
D:2:      layout_loops_ring, basic_altar, minmay_mini_jars, uniq_natasha
D:3:      layout_rooms, mainiacjoe_overflow_cross_hatched,
          overflow_temple_1_default, grunt_gozag_breadcrumbs
D:4:      layout_cave_pools, hangedman_feature_mirror,
          nicolae_figureground_sparkle
D:5:      cheibrodos_quashed, layout_gridville, nicolae_ossuary_entry_giza,
          chequers_avenue, grunt_decor_resistance, serial_park_tiny_1,
          uniq_crazy_yiuf_cottage
D:6:      layout_basic, minmay_temple_entry_junction_2,
          hangedman_abyss_or_decor_passed
D:7:      layout_cave_pods, minivault_24, nicolae_benzene_ring,
          nicolae_shop_gadgets
D:8:      layout_loops_ring, minmay_holes, uniq_psyche, uniq_prince_ribbit1
D:9:      lemuel_ice_statue, layout_irregular_city,
          nicolae_yredelemnul_corpse_copse, mainiacjoe_overflow_paths,
          lair_entry_dummy, kennysheep_small_square, uniq_joseph, uniq_pikel
Temple:   nicolae_temple_great_sept
Lair:1:   layout_chaotic_city, portal_ice_cave_entry_imps,
          minmay_lair_oklob_items
IceCv:    ice_cave_small_demon

Skill      XL: |  1  2  3  4  5  6  7  8  9 10 11 |
---------------+----------------------------------+-----
Fighting       | 4 5 6 7 8 9 |  9.2
Long Blades    | 3 4 5 6 7 9 11 13 | 13.7
Armour         | 4 5 6 8 9 |  9.5
Shields        | 4 5 6 7 9 10 | 10.3
Dodging        | 1 2 3 |  3.3
Stealth        | 2 3 |  3.2
Evocations     | 1 |  1.1
Invocations    | |  0.2

Action                   |  1- 3 |  4- 6 |  7- 9 | 10-12 || total
-------------------------+-------+-------+-------+-------++-------
Melee: Long sword        |    67 |   129 |   358 |   400 ||   954
       Headbutt          |     9 |    11 |    69 |   101 ||   190
Invok: Heroism           |       |       |       |     5 ||     5
Evoke: Wand              |       |       |     2 |     3 ||     5
  Use: Scroll            |       |     6 |     7 |     8 ||    21
       Potion            |       |       |       |     7 ||     7
 Stab: Paralysed         |       |       |       |    12 ||    12
Armor: Scale mail        |    54 |    69 |    45 |       ||   168
       Chain mail        |       |       |    74 |       ||    74
       Plate armour      |       |       |    37 |   185 ||   222
Dodge: Dodged            |    45 |    60 |   103 |    85 ||   293
Block: Buckler           |    23 |    37 |    41 |       ||   101
       Kite shield       |       |       |    60 |   214 ||   274
